[Event "Championnat d'Europe Rapide"]
[Date "2024.12.07"]
[White "Fromm, Marius"]
[Black "Kazakouski, Valery"]
[WhiteElo "2459"]
[BlackElo "2567"]
[Round "3.29"]
[Result "0-1"]
[TimeControl "900+10"]

1. e4 c5 2. Nf3 a6 3. c3 e6 4. d4 d5 5. e5 Bd7 6. Bd3 Nc6 7. O-O cxd4 8. cxd4 Qb6 9. Be2 Nge7 10. Nc3 Nf5 11. Na4 Qa7 12. Be3 b5 13. Nc3 Be7 14. Rc1 O-O 15. Bd3 Nxe3 16. fxe3 f6 17. exf6 Rxf6 18. Bb1 Raf8 19. Qd3 g6 20. Kh1 Be8 21. a3 Bd6 22. Ba2 Kg7 23. Ng5 Qe7 24. Rxf6 Qxf6 25. Nf3 g5 26. e4 g4 27. e5 Qh6 28. Rf1 Be7 29. Nd2 Qxd2 0-1

[Site "Europe Echecs"]

[Event "Championnat d'Europe Rapide"]
[Date "2024.12.07"]
[White "Alonso Rosell, Alvar"]
[Black "Perunovic, Miodrag"]
[WhiteElo "2532"]
[BlackElo "2357"]
[Round "3.30"]
[Result "1-0"]
[TimeControl "900+10"]

1. d4 Nf6 2. Nf3 e6 3. e3 b6 4. Bd3 Bb7 5. b3 d5 6. Bb2 Bd6 7. Nbd2 O-O 8. c4 Nbd7 9. Qc2 c5 10. cxd5 exd5 11. O-O Rc8 12. dxc5 Nxc5 13. Bf5 Rc7 14. b4 Na6 15. Qb3 Nxb4 16. Rac1 Nc6 17. Bb1 Ba6 18. Rfd1 Na5 19. Qa4 h6 20. Rxc7 Bxc7 21. Ne4 Nxe4 22.
Bxe4 Bc4 23.
Bb1 Qe8 24.
Qc2 f5 25.
Nd4 Qh5 26.
f4 Nb7 27.
h3 Nc5 28.
Nxf5 Rxf5 29. Qxf5 Qxd1+ 30. Kh2 Bd3 31. Qxd5+ Kf8 32. Qa8+ Ke7 33. Qxa7 Bxb1 34. Qxc7+ Nd7 35. Bxg7 Be4 36. Qc4 Nc5 37. Bxh6 Qd2 38. Qg8 Ne6 39. Bg5+ Nxg5 40. Qxg5+ Kd7 41. a4 Qxe3 42. h4 Qd2 43. h5 Bxg2 44. Qxg2 Qxf4+ 45. Qg3 Qxa4 46. h6 Qc2+ 47. Qg2 Qf5 48. Qh3 Kd6 1-0

[Site "Europe Echecs"]

[Event "Championnat d'Europe Rapide"]
[Date "2024.12.07"]
[White "Reprintsev, Alexander"]
[Black "Guliyev, Namig"]
[WhiteElo "2230"]
[BlackElo "2484"]
[Round "3.31"]
[Result "0-1"]
[TimeControl "900+10"]

1. e4 c5 2.
b3 Nf6 3. e5 Nd5 4. Nc3 Nc7 5. d4 Nc6 6. d5 Nxe5 7. f4 Ng6 8. h4 h5 9. Bd3 e6 10. d6 Na6 11. Bxg6 fxg6 12. Nf3 b5 13. Ne5 Rh6 14. Qf3 Rb8 15. Ne4 Bb7 16. Bb2 Bxe4 17. Qxe4 Qa5+ 18. c3 Rd8 19. O-O Bxd6 20. Nxg6 Qb6 21. f5 c4+ 22. Kh1 Nc5 23. Qe2 Qc6 24. Rae1 Nd3 25. Bc1 Nxe1 26. Bxh6 Nxg2 27. Qxg2 Qxg2+ 28.
Kxg2 gxh6 29. bxc4 bxc4 30. fxe6 dxe6 31. Rf6 Kd7 32. Rf7+ Kc6 33. Kf3 Bc5 34. Ke4 Rd2 35. Ne5+ Kb5 36. a4+ Kxa4 37. Nxc4 Rh2 38. Rf6 Rxh4 39. Kd3 Rh3+ 40. Kd2 Kb5 41. Ne5 Be3+ 42. Kc2 Bg5 43. Rxe6 Re3 44. c4+ Kc5 45. Nd3+ Kxc4 46. Rc6+ Kb5 47. Rc8 h4 48. Rb8+ Kc6 49. Nb4+ Kd6 50. Ra8 h3 51. Rxa7 Re1 52. Ra6+ Kc7 53. Nd3 Rf1 0-1

[Site "Europe Echecs"]

[Event "Championnat d'Europe Rapide"]
[Date "2024.12.07"]
[White "Stojanovski, Dejan"]
[Black "Veljanoski, Andrej"]
[WhiteElo "2407"]
[BlackElo "2304"]
[Round "3.32"]
[Result "1/2-1/2"]
[TimeControl "900+10"]

1. e4 e5 2.
Nf3 Nc6 3.
Bb5 a6 4.
Bxc6 dxc6 5.
Nc3 f6 6. d4 exd4 7. Nxd4 c5 8. Nde2 Qxd1+ 9. Nxd1 Bd7 10. Bf4 O-O-O 11. Ne3 Bc6 12. f3 h5 13. h4 Nh6 14. Kf2 Nf7 15. Rad1 g6 16. Rxd8+ Nxd8 17. Rd1 Ne6 18. Nd5 Bxd5 19. Rxd5 c4 20. Be3 Be7 21. Rd1 b5 22. Nf4 Nxf4 23. Bxf4 Rd8 24. Rxd8+ Kxd8 25. g4 Kd7 1/2-1/2

[Site "Europe Echecs"]

[Event "Championnat d'Europe Rapide"]
[Date "2024.12.07"]
[White "Krallis, Christos"]
[Black "Baidetskyi, Valentin"]
[WhiteElo "2383"]
[BlackElo "2519"]
[Round "3.33"]
[Result "0-1"]
[TimeControl "900+10"]

1. e4 e5 2.
Nf3 Nc6 3.
Bb5 a6 4.
Ba4 Bc5 5.
O-O Nge7 6.
c3 Ng6 7. d4 Ba7 8. Kh1 O-O 9. Nxe5 Ngxe5 10.
dxe5 Nxe5 11. f4 Nc4 12. Qh5 d5 13. f5 f6 14. Rf3 b5 15. Rh3 bxa4 16. Qxh7+ Kf7 17. Bh6 Ke7 18. Bxg7 Kd6 19. Bxf8+ Qxf8 20. b3 Ne3 21. Nd2 Bb7 22. e5+ Kc6 23. Nf3 Ng4 24. Rh4 Nf2+ 25. Kg1 Ne4+ 26. Nd4+ Bxd4+ 27. cxd4 Rc8 28. Rc1+ Kb6 29. Qh6 Qa3 30. exf6 Rh8 31. f7+ Rxh6 32. Rxh6+ c6 33. Rc5 Qb2 34. h4 Qxd4+ 35. Kh2 Qe5+ 36.
Kg1 Qxf5 0-1

[Site "Europe Echecs"]

[Event "Championnat d'Europe Rapide"]
[Date "2024.12.07"]
[White "Dragnev, Valentin"]
[Black "Uruci, Endrit"]
[WhiteElo "2563"]
[BlackElo "2328"]
[Round "3.34"]
[Result "0-1"]
[TimeControl "900+10"]

1. e4 c5 2.
Nf3 Nc6 3.
Bb5 g6 4.
O-O Bg7 5.
Re1 Nf6 6.
e5 Nd5 7.
Nc3 Nc7 8.
Bxc6 dxc6 9.
d3 O-O 10.
h3 Ne6 11.
a4 Nd4 12.
a5 Be6 13.
Nxd4 cxd4 14. Ne4 Bd5 15. Bf4 Bxe4 16. Rxe4 Qd5 17. a6 b6 18. Qd2 Rfe8 19. b3 Rad8 20. Rae1 Qb5 21. Bh6 Bh8 22. h4 f5 23. R4e2 Qd5 24. e6 Bf6 25. h5 Kh8 26. hxg6 Rg8 27. g7+ Bxg7 28. Bxg7+ Rxg7 29. g3 Rdg8 30. Qf4 Rg4 31. Qc7 f4 32. Qxe7 Rxg3+ 33. fxg3 Rxg3+ 0-1

[Site "Europe Echecs"]

[Event "Championnat d'Europe Rapide"]
[Date "2024.12.07"]
[White "Gaponenko, Inna"]
[Black "Beerdsen, Thomas"]
[WhiteElo "2343"]
[BlackElo "2502"]
[Round "3.35"]
[Result "0-1"]
[TimeControl "900+10"]

1. e4 e5 2. Nf3 Nc6 3. d4 exd4 4. Bc4 Nf6 5. e5 d5 6. Bb5 Nd7 7. O-O Be7 8. Bxc6 bxc6 9. Nxd4 Nb8 10. Nc3 O-O 11. Qf3 a5 12. Bf4 a4 13. a3 Be6 14. Nce2 c5 15. Nxe6 fxe6 16. Qg4 Ra6 17. Bh6 Rf7 18. Nf4 Bf8 19. Rad1 Qe8 20. Rfe1 Rb6 21. Rd3 Nd7 22. Rg3 Kh8 23. b3 Ra6 24. bxa4 Rxa4 25. Ng6+ hxg6 26.
Qxa4 gxh6 27. Rxg6 Rf5 28. Rg3 Qf7 29. f3 Nxe5 30. Qa7 Bd6 31. a4 Kh7 32. Qb7 Ng6 33. a5 Bxg3 34. hxg3 c6 35. Qxc6 Ne5 36. Qxc5 Qg7 37. Kf2 d4 38. Qb6 d3 39. c3 0-1

[Site "Europe Echecs"]

[Event "Championnat d'Europe Rapide"]
[Date "2024.12.07"]
[White "Janik, Igor"]
[Black "Avramidou, Anastasia"]
[WhiteElo "2515"]
[BlackElo "2298"]
[Round "3.36"]
[Result "1-0"]
[TimeControl "900+10"]

1. e4 e5 2.
Nf3 Nc6 3.
Bc4 Bc5 4.
O-O Nf6 5.
d4 Bxd4 6.
Nxd4 Nxd4 7.
Bg5 h6 8.
Bh4 g5 9. f4 d5 10. exd5 gxh4 11.
fxe5 Nxd5 12. Qxd4 Be6 13. Nd2 Nb6 14. Qxd8+ Rxd8 15. Bd3 h3 16. g3 Nd5 17. a3 Ne3 18. Rf2 Ng4 19. Re2 h5 20. Nf3 Ke7 21. Rf1 Rhg8 22. Re4 c6 23. Rf4 Rg7 24. Re1 Rd5 25. Rb4 b5 26. Rf4 h4 27. Be4 Rc5 28. Nxh4 Nxe5 29.
Nf5+ Bxf5 30. Bxf5 f6 31. Rf2 a5 32. Bxh3 b4 33. axb4 axb4 34. Re4 Rb5 35. Ref4 Rg6 36. Rd2 b3 37. c3 Ra5 38. Bf1 Ra1 39. Kg2 Rc1 40. h3 Rg8 41. Bc4 Rc2 42. Rdf2 Nxc4 43. Rxc4 Rd8 44. Re4+ Kf7 45. Ref4 Rd6 46. g4 Kg7 47. R4f3 c5 48. Kg3 Rxf2 49. Rxf2 Rd3+ 50. Rf3 Rd2 51.
Rf2 Rd3+ 52. Kf4 Rxh3 53. Ke4 Rg3 54. Kd5 Rxg4 55. Kxc5 Kf7 56. c4 Rg3 57. Kb6 Ke7 58. c5 Rg4 59. Re2+ Kd8 60. Rd2+ Kc8 61. Rf2 Rc4 62. Rf3 f5 63. Rxb3 f4 64. Kc6 Re4 65. Rh3 Re6+ 66. Kd5 Re3 67. Rh4 Rb3 68. Rh2 f3 69. Kc4 Re3 70. b4 Re2 71. Rh8+ Kc7 72. Rf8 f2 73. Kb5 Rb2 74. Rf7+ Kd8 75. c6 Kc8 76. Kc5 Kd8 77. b5 Ke8 78. Rf3 Ke7 79. Kb6 Rc2 80. Kb7 Kd6 81. Kb6 Rb2 82. c7 Rc2 83. Rxf2 1-0

[Site "Europe Echecs"]

[Event "Championnat d'Europe Rapide"]
[Date "2024.12.07"]
[White "Tweedie, Steven"]
[Black "Subelj, Jan"]
[WhiteElo "2172"]
[BlackElo "2526"]
[Round "3.37"]
[Result "0-1"]
[TimeControl "900+10"]

1. e4 c6 2.
Nc3 d5 3. d3 e5 4. Nf3 Nf6 5. Bd2 Bd6 6. g3 O-O 7. Bg2 dxe4 8. dxe4 h6 9. O-O Be6 10. h3 Qe7 11. Qe2 Nbd7 12.
Rad1 a5 13.
b3 Nc5 14.
a4 Na6 15.
Nh4 Nb4 16.
Bc1 Bc5 17.
Nf5 Bxf5 18.
exf5 Rad8 19. Ne4 Nxe4 20. Bxe4 Na2 21. Qf3 Nxc1 22. Rxc1 Rd2 23. Rcd1 Rfd8 24. Rxd2 Rxd2 25. f6 Qxf6 26. Qxf6 gxf6 27. Kg2 Kf8 28. Kf3 Ke7 29. Bd3 Bd4 30. g4 Ke6 31. Kg3 Kd5 32. Bc4+ Kc5 33. Bd3 Kb4 34. f4 b5 35. axb5 cxb5 36. fxe5 Bxe5+ 37. Kf3 Rxd3+ 38. cxd3 Kxb3 39. Ke4 Bc3 40. Rb1+ Bb2 41. d4 a4 42. d5 a3 43. d6 a2 44. Rf1 Ba3 45. d7 Be7 46. Rf3+ Ka4 47. Rf1 b4 48. Kd3 b3 49. Kc3 f5 50. Rd1 fxg4 51. hxg4 Ka3 52. Kc4 Kb2 53. Re1 a1=Q 54. Rxa1 Kxa1 55. Kxb3 Kb1 56. Kc3 Kc1 57. Kd3 Kd1 58. Ke3 Ke1 59. Kf3 Kf1 60. Kg3 Ke2 0-1

[Site "Europe Echecs"]

[Event "Championnat d'Europe Rapide"]
[Date "2024.12.07"]
[White "Muradli, Mahammad"]
[Black "Pipiras, Filipa Fortuna"]
[WhiteElo "2588"]
[BlackElo "2178"]
[Round "3.38"]
[Result "1-0"]
[TimeControl "900+10"]

1. Nf3 Nf6 2. c4 e6 3.
g3 d5 4. Bg2 dxc4 5. Qa4+ Nbd7 6. Qxc4 c5 7. Qc2 Bd6 8. O-O O-O 9. d4 Qe7 10. Nc3 a6 11. Rd1 Ra7 12. dxc5 Nxc5 13. Be3 b6 14. b4 Ncd7 15. Nd4 Nb8 16. b5 Rc7 17. Nc6 Nxc6 18.
bxc6 Bc5 19.
Bf4 e5 20.
Bg5 Be6 21.
e3 h6 22.
Bxf6 Qxf6 23. a4 Qe7 24. Nd5 Bxd5 25. Bxd5 a5 26. Rd3 Qf6 27. Rad1 h5 28. Be4 h4 29. Rd7 Rfc8 30. Qe2 g6 31. Qg4 Kg7 32. gxh4 Be7 33. h5 Rxd7 34. Rxd7 Kh6 35. hxg6 Rg8 36. Qh3+ Kg7 37. Qh7+ Kf8 38. c7 Qg5+ 39. Kf1 1-0

[Site "Europe Echecs"]

[Event "Championnat d'Europe Rapide"]
[Date "2024.12.07"]
[White "Narva, Triin"]
[Black "Larkin, Vladyslav"]
[WhiteElo "2064"]
[BlackElo "2449"]
[Round "3.39"]
[Result "0-1"]
[TimeControl "900+10"]

1. e4 c5 2.
Nf3 e6 3. c3 Nf6 4. e5 Nd5 5. d4 cxd4 6. Nxd4 Qc7 7. f4 d6 8. Nb5 Qb6 9. c4 Ne3 10. Qb3 Nf5 11.
Nxd6+ Nxd6 12. Qxb6 axb6 13. exd6 Bxd6 14. Nc3 Ke7 15. Be3 Bc5 16. Kf2 Rd8 17. Be2 Rd2 18. b4 Bxe3+ 19. Kxe3 Rb2 20. Rab1 Rxb1 21. Rxb1 Bd7 22. a4 Bc6 23. g3 Nd7 24. b5 Bg2 25. Rg1 Bh3 26. g4 h5 27. gxh5 Kf8 28. Bf3 Nc5 29. Rd1 Ke7 30. Rg1 Kf6 31. Ne4+ Nxe4 32. Bxe4 Rxa4 33. Kd4 Ra7 34. Rg5 Bf1 35. h4 Ra4 36. Bxb7 Bxc4 37. Kc3 Be2 38. Re5 Bf1 39. Be4 Bxb5 40. Bc2 Rc4+ 41. Kb3 Rc5 42. Rg5 Be2 43. h6 gxh6 44. Rg2 Bf3 45. Rg3 Bd5+ 46. Kb2 Rc4 47. f5 Rxh4 48. fxe6 fxe6 49. Kc3 Ke5 50. Bd3 h5 51. Rg7 Rh3 52. Kd2 Kd4 53. Bb5 Rh2+ 54. Ke1 h4 0-1

[Site "Europe Echecs"]

[Event "Championnat d'Europe Rapide"]
[Date "2024.12.07"]
[White "Peyrer, Konstantin"]
[Black "Sirigos, Nikolaos"]
[WhiteElo "2440"]
[BlackElo "2044"]
[Round "3.40"]
[Result "1-0"]
[TimeControl "900+10"]

1. Nf3 Nf6 2. c4 g6 3.
g3 Bg7 4.
Bg2 O-O 5.
d4 d6 6. Nc3 Nc6 7. d5 Na5 8. b3 c5 9. Bb2 a6 10. O-O Rb8 11. Nd2 b5 12. Qc1 Bh6 13. e3 e5 14. dxe6 fxe6 15. Nde4 Nxe4 16. Nxe4 bxc4 17. Rd1 d5 18. Qc3 d4 19. exd4 Bg7 20. Nxc5 Qf6 21. Ne4 Qf5 22. Ba3 Bb7 23. Bxf8 Rxf8 24. Qe3 cxb3 25. Nd6 b2 26. Nxf5 bxa1=Q 27.
Ne7+ Kf7 28.
Rxa1 Bxg2 29. Kxg2 Kxe7 30. Qa3+ 1-0

[Site "Europe Echecs"]

[Event "Championnat d'Europe Rapide"]
[Date "2024.12.07"]
[White "Skreno, Vladimir"]
[Black "Paichadze, Luka"]
[WhiteElo "2067"]
[BlackElo "2532"]
[Round "3.41"]
[Result "0-1"]
[TimeControl "900+10"]

1. d4 Nf6 2. Nf3 e6 3. Bg5 d5 4. e3 c5 5. c3 Nbd7 6. Nbd2 Qc7 7. Bb5 a6 8. Bxd7+ Nxd7 9. Bf4 Qc6 10. O-O Be7 11. Re1 O-O 12. e4 b5 13. Rc1 dxe4 14. Nxe4 Bb7 15. dxc5 Nxc5 16.
Nxc5 Bxc5 17. Be3 Rfd8 18. Qe2 Bxe3 19. Qxe3 Rd5 20. Red1 Rad8 21. Rxd5 Rxd5 22. Ne1 h6 23. f3 Qd6 24. Rc2 Re5 25. Qc1 Qc5+ 26. Kh1 Qc4 27. Rf2 Qf4 28. Qd1 Qe3 29. Qd8+ Kh7 30. Qd3+ f5 31. Qxe3 Rxe3 32. Nc2 Rd3 33. h3 e5 34. Nb4 Rd1+ 35. Kh2 g5 36. Re2 e4 37. fxe4 fxe4 38. Kg3 Kg6 39. Nc2 h5 40. Ne3 Rd3 41. Kf2 Bc8 42. c4 Be6 43. cxb5 axb5 44. b3 h4 45. Rc2 Kf6 46. Ke2 Ke5 47. Rc5+ Kd4 0-1

[Site "Europe Echecs"]

[Event "Championnat d'Europe Rapide"]
[Date "2024.12.07"]
[White "Kalezic, Blazo"]
[Black "Frutuoso, Tiago"]
[WhiteElo "2382"]
[BlackElo "1831"]
[Round "3.42"]
[Result "1-0"]
[TimeControl "900+10"]

1. e4 e5 2.
Nf3 Nc6 3.
Bb5 a6 4.
Ba4 Nf6 5.
O-O Be7 6.
Re1 b5 7.
Bb3 O-O 8. d3 Bb7 9. c3 d6 10. h3 Na5 11. Bc2 c5 12. Nbd2 Re8 13. Nf1 Bf8 14. Ng3 g6 15. Nh2 Bg7 16. Qf3 d5 17. Ng4 Nxg4 18. hxg4 c4 19. dxc4 dxc4 20. g5 Qe7 21. Be3 Nc6 22. Qg4 Rad8 23. a3 Bc8 24. Qh4 h6 25. f3 hxg5 26. Bxg5 f6 27. Be3 Kf7 28. Nf1 Rh8 29. Qf2 Rh7 30. Ng3 Rdh8 31. Rad1 Bh6 32. Bc5 Qc7 33. Rd6 Bf4 34. Red1 Ne7 35. Be3 Be6 36. Rxa6 Bc8 37. Rad6 f5 38. exf5 gxf5 39. Kf1 Bxg3 40. Qxg3 Rh1+ 41. Bg1 f4 42. Qg5 Rxg1+ 43. Kxg1 Qa7+ 44.
R1d4 exd4 45. Qf6+ Ke8 46. Qxh8+ Kf7 47. Qf6+ Ke8 48. Bg6+ Nxg6 49. Rd8# 1-0

[Site "Europe Echecs"]

[Event "Championnat d'Europe Rapide"]
[Date "2024.12.07"]
[White "Fedoseev, Vladimir"]
[Black "Vyval, Volodymyr"]
[WhiteElo "2709"]
[BlackElo "2269"]
[Round "3.43"]
[Result "1-0"]
[TimeControl "900+10"]

1. c4 g6 2.
d4 Nf6 3.
Nc3 d5 4.
Qa4+ Bd7 5.
Qd1 Bc8 6.
Bg5 Ne4 7.
h4 Nxc3 8.
bxc3 Bg7 9.
e3 c5 10.
Nf3 Nc6 11.
cxd5 Qxd5 12. Qb3 Qxb3 13. axb3 cxd4 14. exd4 e5 15. dxe5 Nxe5 16. Bb5+ Nc6 17. O-O O-O 18. Rfc1 Bd7 19. Nd2 a6 20. Be2 Ne5 21. Ne4 Bc6 22. Nd6 h6 23. Be7 Rfb8 24. f4 Nd7 25. Bc4 Kh7 26. Bxf7 Nf6 27. f5 gxf5 28. Nxf5 Nd5 29. Bd6 Nxc3 30. Re1 Ne2+ 31.
Rxe2 Bxa1 32. Re6 Bg7 33. Bg6+ Kh8 34. Re7 Rg8 35. Be5 1-0

[Site "Europe Echecs"]

[Event "Championnat d'Europe Rapide"]
[Date "2024.12.07"]
[White "Ragger, Markus"]
[Black "Domalchuk-Jonasson, Aleksandr"]
[WhiteElo "2577"]
[BlackElo "2377"]
[Round "3.44"]
[Result "1-0"]
[TimeControl "900+10"]

1. d4 d5 2. c4 e6 3. Nf3 Nf6 4. g3 Be7 5. Bg2 O-O 6. O-O dxc4 7. Qc2 b5 8. a4 b4 9. Nbd2 Bb7 10. Nxc4 c5 11. dxc5 Be4 12. Qd2 Bxc5 13. Qxd8 Rxd8 14.
Nfe5 Bxg2 15. Kxg2 Nbd7 16. Bg5 Nxe5 17. Nxe5 Rd5 18. Bxf6 gxf6 19. Nd3 Bd6 20. Rfc1 a5 21. Rc4 f5 22. Rac1 Kg7 23. b3 Rd8 24. Rc8 Rd7 25. Nb2 Be7 26. R1c7 Rxc7 27. Rxc7 Bd8 28.
Rc8 Kf6 29.
Nc4 Ke7 30.
Ra8 Kd7 31.
Kf3 Kc6 32.
Ra6+ Kd7 33.
e3 Bc7 34.
Ke2 h6 35.
Ra7 Kc6 36.
Ra8 Bd8 37. Ra6+ Kd7 38. Ra7+ Bc7 39. Nb6+ Kc6 40. Nxd5 exd5 41. Kd3 h5 42. Ra8 1-0

[Site "Europe Echecs"]

[Event "Championnat d'Europe Rapide"]
[Date "2024.12.07"]
[White "Kusiak, Matej"]
[Black "Dardha, Daniel"]
[WhiteElo "2227"]
[BlackElo "2639"]
[Round "3.45"]
[Result "0-1"]
[TimeControl "900+10"]

1. e4 c6 2. Nc3 d5 3. Nf3 dxe4 4. Nxe4 Nf6 5. d3 g6 6. Nxf6+ exf6 7. Be2 Bg7 8. O-O O-O 9. Bd2 Nd7 10. Bc3 Nb6 11. b3 Nd5 12. Bb2 Qa5 13. Qd2 Qxd2 14. Nxd2 f5 15. Bxg7 Kxg7 16. Bf3 Nc3 17. Nb1 Nb5 18. c3 Rd8 19. a4 Nc7 20. d4 Be6 21. b4 a5 22. b5 cxb5 23.
axb5 Nxb5 24. Bxb7 Ra7 25. Bc6 Nd6 26. Na3 Rc8 27. d5 Bd7 28. c4 Bxc6 29. dxc6 Rxc6 30. Nb5 Ra8 31. Nxd6 Rxd6 32. c5 Rc6 33. Rfc1 Kf6 34. f4 Ra7 35. Kf2 Ke6 36. Ra2 Kd7 37. g3 Kc7 38. Ra4 Re6 39. Rca1 Rea6 40. Rc1 Kc6 41. Ke3 Re7+ 42. Kd3 Rd7+ 43. Rd4 Rd5 44. Rxd5 Kxd5 45. Kc3 Kxc5 46. Kb3+ Kd6 47. Ka4 Ra7 48. Rd1+ Ke6 49. Rd2 h6 50. h4 Kf6 51. Rd6+ Kg7 52. Rd5 Rc7 53. Rd3 Rc5 54. Kb3 g5 55. h5 gxf4 56. gxf4 Rb5+ 57. Ka3 Rb4 58. Rf3 Kf6 59. Rf1 Ke6 60. Rf2 Kd5 61. Rd2+ Rd4 62. Rf2 Ke4 63. Rf1 a4 64. Ka2 Ke3 65. Ka3 Rxf4 66. Re1 Kf3 67. Re7 Rh4 68. Rxf7 Rxh5 69. Kxa4 f4 70. Kb4 Rd5 71. Kc4 Rd8 72. Rh7 Kf2 73. Rxh6 f3 74. Kc3 Kf1 75. Rg6 f2 76. Kc2 Rd5 77. Kc3 Ke2 78. Re6+ Kf3 79. Rf6 Kg3 80. Kc2 Rd4 0-1

[Site "Europe Echecs"]

[Event "Championnat d'Europe Rapide"]
[Date "2024.12.07"]
[White "Grigorov, Grigor"]
[Black "Bogoevski, Jani"]
[WhiteElo "2497"]
[BlackElo "2144"]
[Round "3.46"]
[Result "1-0"]
[TimeControl "900+10"]

1. d4 Nf6 2. Nf3 d5 3. c4 e6 4. g3 Be7 5. Bg2 O-O 6. Qd3 Nbd7 7. O-O c6 8. Nc3 b6 9. e4 Ba6 10. b3 c5 11. exd5 exd5 12. Rd1 Rc8 13. Bf4 cxd4 14. Nxd4 dxc4 15. Qf3 cxb3 16.
axb3 Nc5 17.
Nc6 Qe8 18.
Nxe7+ Qxe7 19. Bd6 Bb7 20. Bxe7 Bxf3 21. Bxf8 Bxd1 22. Bxc5 Bxb3 23. Bd4 Rd8 24. Rxa7 1-0

[Site "Europe Echecs"]

[Event "Championnat d'Europe Rapide"]
[Date "2024.12.07"]
[White "Cvitan, Ognjen"]
[Black "Pezelj, Sinisa"]
[WhiteElo "2413"]
[BlackElo "2201"]
[Round "3.47"]
[Result "1-0"]
[TimeControl "900+10"]

1. d4 e6 2.
e4 d5 3.
exd5 exd5 4.
Nf3 Nf6 5.
Bd3 Bg4 6.
O-O Be7 7.
Re1 O-O 8.
Bg5 h6 9.
Bh4 Nbd7 10.
Nbd2 c5 11.
c3 Re8 12.
h3 Be6 13. dxc5 Nxc5 14. Bb5 Bd7 15. Bxd7 Nfxd7 16. Bxe7 Rxe7 17. Rxe7 Qxe7 18. Nb3 Nf6 19. Nxc5 Qxc5 20. Qb3 b6 21. Re1 Re8 22. Rxe8+ Nxe8 23. Qa4 Qe7 24. Qf4 Nf6 25. Qe5 Qxe5 26.
Nxe5 Ne4 27.
Nc6 Kf8 28.
Nxa7 Nc5 29.
Nb5 Ke7 30.
b3 Nd3 31.
Nd4 g6 32.
Kf1 Nc1 33.
Ke1 Nd3+ 34.
Ke2 Ne5 35.
Ke3 Kd6 36.
g4 Nd7 37.
f3 Nc5 38.
h4 Ke5 39.
Nc6+ Kd6 40.
Nb4 b5 41.
Nc2 Nd7 42.
Nb4 Nc5 43.
Nd3 Nd7 44.
Nf4 Ke5 45.
h5 g5 46.
Ne2 f5 47.
Nd4 f4+ 48.
Ke2 b4 49.
Nc6+ Kd6 50.
Nxb4 1-0

[Site "Europe Echecs"]

[Event "Championnat d'Europe Rapide"]
[Date "2024.12.07"]
[White "Druckenthaner, Andreas"]
[Black "Boyer, Mahel"]
[WhiteElo "2206"]
[BlackElo "2526"]
[Round "3.48"]
[Result "0-1"]
[TimeControl "900+10"]

1. e4 g6 2.
d4 Bg7 3.
Nf3 d6 4.
Bc4 Nf6 5.
Nbd2 O-O 6.
c3 Nxe4 7.
Bxf7+ Rxf7 8. Nxe4 h6 9. h3 Qf8 10. Be3 Nc6 11. d5 Ne5 12. Nxe5 Bxe5 13. O-O c5 14. dxc6 bxc6 15. Bd4 Qg7 16. f4 Bxd4+ 17. Qxd4 Qxd4+ 18. cxd4 Rb8 19. Rf2 Rb4 20. Rd1 c5 21. Nc3 Rxd4 22. Rxd4 cxd4 23. Nb5 d3 24. Nxa7 Bd7 25. b4 Rf5 26. a3 g5 27. fxg5 Rxg5 28. g4 e5 29. Rf6 d5 30. Rd6 d4 31. Kf2 Ba4 32. Ke1 Rg7 33. Ra6 e4 34. b5 Bc2 35. Kd2 e3+ 36. Kc1 Bb3 0-1

[Site "Europe Echecs"]

[Event "Championnat d'Europe Rapide"]
[Date "2024.12.07"]
[White "Horvath, Dominik"]
[Black "Suljovic, Sulejman"]
[WhiteElo "2542"]
[BlackElo "2182"]
[Round "3.49"]
[Result "1-0"]
[TimeControl "900+10"]

1. Nf3 e6 2.
g3 b6 3. Bg2 Bb7 4. O-O Nf6 5. c4 d5 6. cxd5 Nxd5 7. d4 Nf6 8. Nc3 Be7 9. Re1 O-O 10. e4 Nbd7 11. Bf4 a6 12. a3 Re8 13. Rc1 Nf8 14. Ne5 Ng6 15. Nxg6 hxg6 16. b4 Nh5 17. Be3 a5 18. Qb3 axb4 19. axb4 Nf6 20. h3 Qd7 21. Red1 Red8 22. d5 exd5 23. e5 Ne8 24. Nxd5 Bxd5 25. Bxd5 Qa4 26. Bxf7+ Kf8 27. Qxa4 Rxa4 28. Bxg6 Rxd1+ 29. Rxd1 Rxb4 30. Ra1 Bd8 31. Ra8 1-0

[Site "Europe Echecs"]

[Event "Championnat d'Europe Rapide"]
[Date "2024.12.07"]
[White "Tisma, Ivan"]
[Black "Saraci, Nderim"]
[WhiteElo "1967"]
[BlackElo "2431"]
[Round "3.50"]
[Result "1/2-1/2"]
[TimeControl "900+10"]

1. Nf3 Nf6 2. c4 g6 3.
Nc3 Bg7 4.
g3 O-O 5.
Bg2 c6 6.
O-O d5 7.
cxd5 cxd5 8.
d4 Nc6 9.
Bf4 Bf5 10.
Ne5 Rc8 11.
Nxc6 Rxc6 12. Rc1 Qd7 13. Qb3 Bh3 14. Nxd5 Bxg2 15. Nxf6+ Bxf6 16. Kxg2 Rb6 17. Qc4 Rxb2 18. Bh6 Re8 19. d5 a5 20. a3 a4 21. Rfd1 Rb3 22. Rd3 Qb5 23. Qxb5 Rxb5 24. Rc4 Ra8 25. Bd2 Rb2 26. Rb4 Kf8 27. Rxb2 Bxb2 28. Bb4 Be5 29. d6 Bxd6 30. Bxd6 exd6 31. Rxd6 Rc8 32. Rb6 Rc3 33. Rxb7 Rxa3 34. e3 Rb3 35. Ra7 a3 36. h4 h5 37. Kf3 Ke8 38. Kg2 f6 39. Kf3 Kd8 40. Kf4 Kc8 41. f3 Kb8 42. Ra5 Kb7 43. g4 Kb6 44. Ra8 Kb5 45. e4 Rc3 46. g5 fxg5+ 47. Kxg5 Rxf3 48. Kxg6 Kb4 49. Kxh5 Re3 50. Kg6 Rxe4 51. h5 Rg4+ 52. Kf6 Rh4 53. Kg6 Rg4+ 54. Kf6 Kb3 55. Rxa3+ Kxa3 56. h6 Rh4 57. Kg7 Rxh6 58. Kxh6 1/2-1/2

[Site "Europe Echecs"]

[Event "Championnat d'Europe Rapide"]
[Date "2024.12.07"]
[White "Ghimpu, Samuel-Timotei"]
[Black "Redzisz, Michal"]
[WhiteElo "2475"]
[BlackElo "2263"]
[Round "3.51"]
[Result "1-0"]
[TimeControl "900+10"]

1. e4 c6 2.
d4 d5 3. e5 Bf5 4. Nf3 e6 5. Be2 c5 6. c3 Nc6 7. O-O h6 8. Be3 g5 9. dxc5 Bg7 10. Nd4 Nge7 11. f4 gxf4 12. Bxf4 Bxe5 13. Bxe5 Nxe5 14. Bb5+ N5c6 15. Qe2 O-O 16. Bxc6 bxc6 17. Nd2 Qc7 18. Qe3 Kh7 19. Rf4 Rg8 20. Raf1 Rg6 21. N2f3 Rag8 22. g3 Rg4 23. Ne5 Rxf4 24. Qxf4 f6 25. Nexc6 e5 26. Qe3 Bh3 27. Rxf6 Ng6 28. Nf3 Kg7 29. Rd6 Rf8 30. Ncxe5 1-0

[Site "Europe Echecs"]

[Event "Championnat d'Europe Rapide"]
[Date "2024.12.07"]
[White "Spirliadis, Achileas"]
[Black "Pacher, Milan"]
[WhiteElo "2135"]
[BlackElo "2310"]
[Round "3.52"]
[Result "0-1"]
[TimeControl "900+10"]

1. e4 c5 2.
c4 Nc6 3. d3 e6 4. Nc3 Nge7 5. g3 d5 6. exd5 exd5 7. Bg2 dxc4 8. dxc4 Qxd1+ 9.
Kxd1 Be6 10.
Be3 O-O-O+ 11. Kc1 Nb4 12. b3 Nf5 13. Nge2 Nxe3 14. fxe3 g6 15. a3 Nd3+ 16. Kc2 Nf2 17. Rhe1 Bg7 18. Nf4 Rhe8 19. Nxe6 Rxe6 20. Re2 Bxc3 21. Rf1 Ng4 22. Bh3 h5 23. Kxc3 f5 24. Bxg4 hxg4 25. Rf4 a5 26. h3 gxh3 27. Rh4 Red6 28. a4 Rd1 29. Rxh3 Rc1+ 30. Kb2 Rg1 31. Kc2 b6 32. e4 Re8 33. e5 Kd7 34. Rh7+ Kc6 35. Re3 Re6 36. Rg7 Rh1 37. Rd3 Rh2+ 38. Kc3 Re2 39. Rdd7 R6xe5 40. Rc7+ Kd6 41. Rgd7+ Ke6 42. Re7+ Kf6 43. Rxe5 Rxe5 44. Kd3 Re6 45. Rh7 Kg5 46. Rh1 Kg4 47. Rg1 Kf3 48. Kd2 Kf2 0-1

[Site "Europe Echecs"]

[Event "Championnat d'Europe Rapide"]
[Date "2024.12.07"]
[White "Bognar, Csaba Dr."]
[Black "Narva, Mai"]
[WhiteElo "2067"]
[BlackElo "2413"]
[Round "3.53"]
[Result "1/2-1/2"]
[TimeControl "900+10"]

1. d4 Nf6 2.
c4 g6 3. Nc3 Bg7 4. e4 d6 5. f3 O-O 6. Be3 a6 7. Qd2 c5 8. Nge2 cxd4 9. Nxd4 Nc6 10. Be2 Bd7 11. O-O Rc8 12. Rfd1 Nxd4 13.
Bxd4 Bc6 14.
Rac1 Nd7 15.
Be3 1/2-1/2

[Site "Europe Echecs"]

[Event "Championnat d'Europe Rapide"]
[Date "2024.12.07"]
[White "Herega, Nejc"]
[Black "Stanojoski, Zvonko"]
[WhiteElo "2249"]
[BlackElo "2401"]
[Round "3.54"]
[Result "0-1"]
[TimeControl "900+10"]

1. d4 d5 2.
Nf3 e6 3.
Bf4 Nf6 4.
e3 Bd6 5.
Nbd2 O-O 6.
c3 c5 7. Bd3 cxd4 8. Bxd6 Qxd6 9. cxd4 Nc6 10. a3 e5 11. dxe5 Nxe5 12. Be2 Nc6 13. O-O Bg4 14. h3 Bh5 15. Nb3 Rad8 16.
Nbd4 Ne7 17.
Qb3 b6 18.
Rac1 Ne4 19.
Rfd1 Rc8 20.
Nb5 Qb8 21.
Nc3 Nc5 22.
Qb4 Qb7 23.
a4 Bg6 24.
Qa3 Rfd8 25.
b4 Ne6 26.
Nb5 Nc6 27.
Nbd4 Nexd4 28. Nxd4 Ne5 29. a5 Nc4 30. Qa1 b5 31. Nb3 Qe7 32. Nc5 Nxe3 33. fxe3 Qxe3+ 34. Kf1 d4 35.
Nd3 Re8 36.
Qb2 Rc3 37.
Nf2 Rxc1 38.
Rxc1 d3 0-1

[Site "Europe Echecs"]